[Event "*** Titled Tuesday Blitz"]
[Site "Chess.com"]
[Date "2020.05.19"]
[Round "6"]
[White "Paralinch"]
[Black "Abund"]
[Result "1-0"]
[WhiteElo "2862"]
[BlackElo "2606"]
[TimeControl "180+1"]
[EndTime "13:09:19 PDT"]
[Termination "Paralinch won on time"]

1. e4 c5 2. Nf3 Nc6 3. d4 cxd4 4.
Nxd4 Nf6 5. Nc3 e5 6. Ndb5 d6 7. Bg5 a6 8. Na3 b5 9. Nd5 Be7 10. Bxf6 Bxf6 11. c4 b4 12. Nc2 O-O 13. h4 a5 14. g3 Be6 15. Qd2 Bxd5 16. cxd5 Nd4 17. Nxd4 exd4 18. Bb5 Qe7 19. Qd3 Rac8 20. Bc6 Rxc6 21.
dxc6 d5 22. e5 Qxe5+ 23. Kf1 Rc8 24. Re1 Qd6 25. Kg2 g6 26. h5 Qxc6 27. h6 Qd7 28.
Rc1 Rd8 29. Rc5 Qe6 30. Rhc1 Bg5 31. Rc6 Qe8 32. R1c2 Bxh6 33. Qxd4 Bg7 34. Qe3 Qd7 35. Rc7 Qf5 36. Qf3 Qe6 37. Re2 Qf6 38. Ree7 Qxf3+ 39. Kxf3 Bxb2 40. Rxf7 Rf8 41. Rxf8+ Kxf8 42. Ra7 Bc3 43. Rxa5 d4 44. Ke4 Kg7 45. Ra7+ Kg8 46. f4 Kh8 47. g4 Kg8 48. f5 gxf5+ 49. gxf5 h5 50. f6 h4 51. Rg7+ Kf8 52. Rh7 Kg8 53. Rxh4 Kf7 54.
Rf4 Ke6 55. f7 1-0

[Event "*** Titled Tuesday Blitz"]
[Site "Chess.com"]
[Date "2020.05.19"]
[Round "6"]
[White "Gareth-Bale11"]
[Black "FGHSMN"]
[Result "1-0"]
[WhiteElo "2702"]
[BlackElo "2509"]
[TimeControl "180+1"]
[EndTime "13:09:19 PDT"]
[Termination "Gareth-Bale11 won by checkmate"]

1. e4 c5 2. Nf3 d6 3. d4 cxd4 4. Nxd4 Nf6 5. Nc3 a6 6. h3 e5 7.
Nde2 h5 8. Bg5 Be6 9. Nd5 Nbd7 10. Nec3 Rc8 11. Be2 Be7 12. Nxe7 Qxe7 13. h4 b5 14. a3 Nc5 15. f3 O-O 16. O-O Rfd8 17. Qd2 Ncd7 18.
Rad1 Nf8 19. f4 exf4 20. Bxf4 Ng6 21. Bg5 Qa7+ 22. Be3 Qc7 23. Bg5 Qa7+ 24. Kh1 Ng4 25. Bxg4 Bxg4 26. Bxd8 Bxd1 27. Qxd1 Rxd8 28. Qxh5 Qe7 29.
g3 Rc8 30. Qf5 Rc5 31. Nd5 Qe6 32. c3 Ne5 33. Qxe6 fxe6 34. Nf4 Nc4 35. Nxe6 Re5 36. Rf8+ Kh7 37. Ng5+ Kg6 38. b3 Nxa3 39. Ra8 Nb1 40. Rxa6 Nxc3 41. Rxd6+ Kh5 42. Kg2 Kg4 43. Rg6 Re7 44.
Nh3+ Kh5 45. Nf4# 1-0

[Event "*** Titled Tuesday Blitz"]
[Site "Chess.com"]
[Date "2020.05.19"]
[Round "6"]
[White "GMJustin"]
[Black "Lucas_Tomiello"]
[Result "1-0"]
[WhiteElo "2338"]
[BlackElo "2175"]
[TimeControl "180+1"]
[EndTime "13:09:19 PDT"]
[Termination "GMJustin won by resignation"]

1. d4 Nf6 2. c4 g6 3. Nc3 Bg7 4. e4 d6 5. Be2 O-O 6. Be3 c6 7. Nf3 a6 8. e5 Nfd7 9. exd6 exd6 10. d5 c5 11. O-O Re8 12. Qd2 Nf6 13. h3 Ne4 14.
Nxe4 Rxe4 15. Bd3 Re8 16. Rab1 Nd7 17. a3 a5 18. b4 axb4 19. axb4 cxb4 20. Qxb4 Qc7 21.
Nd4 Nc5 22. Nb5 Qe7 23. Bc2 Ra2 24. Nxd6 Qxd6 25. Bxc5 Qf4 26. Rfe1 Be5 27. g3 Qf6 28. Qb3 Ra5 29. Bb4 Ra6 30. Bc3 Bxh3 31. Bxe5 Rxe5 32. Rxe5 Qxe5 33. Qxb7 Rf6 34. Qb8+ Qxb8 35. Rxb8+ Kg7 36. c5 Rf3 37. Be4 Rc3 38. c6 Rc1+ 39. Kh2 Bg4 40. d6 Be6 41. d7 Rd1 42. d8=Q 1-0

[Event "*** Titled Tuesday Blitz"]
[Site "Chess.com"]
[Date "2020.05.19"]
[Round "6"]
[White "savagemedusa"]
[Black "bmt011"]
[Result "0-1"]
[WhiteElo "2243"]
[BlackElo "2057"]
[TimeControl "180+1"]
[EndTime "13:09:20 PDT"]
[Termination "bmt011 won by checkmate"]

1. d4 Nf6 2. c4 e6 3. Nf3 Bb4+ 4. Bd2 a5 5. Bxb4 axb4 6. Qd3 d5 7. c5 O-O 8. g3 b6 9. cxb6 c6 10. Nbd2 Qxb6 11.
Bg2 Nbd7 12. h3 Re8 13. Ne5 c5 14. dxc5 Nxc5 15. Qe3 b3 16. Nxb3 Qb4+ 17. Qd2 Qxb3 18. O-O Rxa2 19. Rxa2 Qxa2 20. Qg5 h6 21. Qh4 Qxb2 22.
f4 Qxe2 23. Bf3 Qe3+ 24. Kh1 Ba6 25. Ra1 Nfe4 26. Kh2 Qf2+ 27. Bg2 Be2 28. Ra7 Bf3 29. Nxf3 Nd2 30. Nxd2 Qxd2 31. Qh5 g6 32. Qxh6 Nd3 33. Qh4 Nf2 34. Qf6 Rf8 35. Re7 Qc2 36. g4 Nd3 37. Qg5 Ne1 38. Rd7 Qxg2# 0-1

[Event "*** Titled Tuesday Blitz"]
[Site "Chess.com"]
[Date "2020.05.19"]
[Round "6"]
[White "oykuince"]
[Black "PawnEatingZombie"]
[Result "1-0"]
[WhiteElo "2010"]
[BlackElo "2237"]
[TimeControl "180+1"]
[EndTime "13:09:20 PDT"]
[Termination "oykuince won by resignation"]

1. e4 c6 2. d4 d5 3. exd5 cxd5 4. c4 Nf6 5. Nc3 g6 6. c5 Bg7 7. Nf3 Nc6 8. Bb5 O-O 9. O-O Bg4 10. Bxc6 bxc6 11.
h3 Bxf3 12. Qxf3 Nd7 13. Rd1 e5 14. dxe5 Nxe5 15. Qg3 Qe7 16. Bf4 Nc4 17. b3 Qf6 18. Rac1 Ne5 19. Re1 Nd7 20. Bd6 Rfe8 21. Ne2 Qb2 22. Nf4 Qxa2 23. Qg4 Nf6 24. Qf3 Ne4 25. Re2 Qa3 26. Rce1 Nf6 27. Be7 Ne4 28. Bd6 Bf8 29.
Bxf8 Kxf8 30. Nd3 Qxb3 31. Re3 Qb7 32. Qf4 Kg8 33. f3 Nf6 34. Qxf6 Rxe3 35. Rxe3 Qb1+ 36. Kh2 a5 37. Re7 Qh1+ 38. Kxh1 1-0

[Event "*** Titled Tuesday Blitz"]
[Site "Chess.com"]
[Date "2020.05.19"]
[Round "6"]
[White "fridaywins"]
[Black "Noam_Vitenberg"]
[Result "1-0"]
[WhiteElo "2256"]
[BlackElo "2414"]
[TimeControl "180+1"]
[EndTime "13:09:21 PDT"]
[Termination "fridaywins won on time"]

1. e4 e5 2. Nf3 Nc6 3. Bb5 a6 4. Ba4 Nf6 5. O-O Be7 6. Re1 b5 7.
Bb3 O-O 8. a4 Bb7 9. axb5 axb5 10. Rxa8 Qxa8 11. Nc3 b4 12. Nd5 Bd8 13. d3 d6 14. Bg5 Nxd5 15. Bxd5 Ne7 16. Bb3 Ng6 17. h4 Kh8 18. h5 Nf4 19. h6 gxh6 20. Bxh6 Rg8 21. Bxf4 exf4 22. Qd2 Rg4 23. Qxb4 Bf6 24. Nh2 Rg7 25. c3 c5 26. Qb6 Be7 27. Bd5 Bxd5 28.
exd5 Qxd5 29. f3 Qg5 30. Re2 h5 31. Qc6 h4 32. Qc8+ Kh7 33. Ng4 f5 34. Nh2 h3 35.
Qe6 hxg2 36. Rf2 Bf6 37. Qe2 Qh4 38. Rxg2 Rxg2+ 39. Qxg2 Qg3 40. Nf1 Qe1 41. Qh3+ Kg6 42. Qg2+ 1-0

[Event "*** Titled Tuesday Blitz"]
[Site "Chess.com"]
[Date "2020.05.19"]
[Round "6"]
[White "Justinz"]
[Black "SergioGarciaFuentes"]
[Result "1-0"]
[WhiteElo "2317"]
[BlackElo "2119"]
[TimeControl "180+1"]
[EndTime "13:09:21 PDT"]
[Termination "Justinz won by resignation"]

1. e4 c5 2. Nf3 e6 3. d4 cxd4 4.
Nxd4 Nc6 5. Nc3 a6 6. Be3 Nf6 7. Be2 Bb4 8. O-O Bxc3 9. bxc3 Nxe4 10. Qd3 d5 11. c4 Ne5 12. Qb3 dxc4 13. Qb4 Qe7 14.
Qb6 Nc3 15. Rfe1 O-O 16. Bf1 Nd5 17. Qb2 c3 18. Qb3 Ng4 19. Bc1 Qh4 20. Nf3 Qxf2+ 21. Kh1 Ne5 22. Ba3 Nxf3 23. gxf3 Re8 24. Bd6 Bd7 25.
Bg2 Bc6 26. Bg3 Qc5 27. Re5 Rad8 28. Rae1 Qd4 29. R5e4 Qc5 30. Rc4 Qb5 31. f4 Qxb3 32.
axb3 Rc8 33. f5 exf5 34. Rxe8+ Rxe8 35. h3 g6 36. Kh2 f4 37. Bh4 Ne3 38. Bxc6 bxc6 39.
Rxc3 Nd5 40. Rxc6 f6 41. Kg1 g5 42. Bf2 Kf7 43. c4 Ne3 44. Rxa6 Rd8 45. Be1 Rd1 46. Kf2 Nc2 47. Bc3 h5 48. Rxf6+ Ke7 49. Rf5 Ne3 50. Rxg5 Rc1 51. Be5 Nd1+ 52. Ke1 f3 53. Kd2 Ra1 54. Bxa1 f2 55. Rf5 f1=Q 56. Rxf1 1-0

[Event "*** Titled Tuesday Blitz"]
[Site "Chess.com"]
[Date "2020.05.19"]
[Round "6"]
[White "Indianlad"]
[Black "KuzubovYuriy"]
[Result "1-0"]
[WhiteElo "2940"]
[BlackElo "2702"]
[TimeControl "180+1"]
[EndTime "13:09:23 PDT"]
[Termination "Indianlad won by resignation"]

1. Nf3 d5 2. e3 Nf6 3. c4 e6 4. Nc3 Bb4 5. Qa4+ Nc6 6. Ne5 a5 7. Nxc6 bxc6 8. a3 Bxc3 9. bxc3 O-O 10. Be2 c5 11. O-O Ba6 12. d4 Qd7 13. Qc2 Bxc4 14. Bxc4 dxc4 15. a4 Rfb8 16. Ba3 Qc6 17. Rfb1 cxd4 18.
cxd4 Nd5 19. Bc5 Nb6 20. h4 h6 21. Rb5 Nd7 22. Qxc4 Rxb5 23. axb5 Qd5 24. Qxd5 exd5 25. Ba3 Rb8 26. Rc1 Rxb5 27. Rxc7 Nb6 28. Bc5 Nc4 29. Rc8+ Kh7 30. Ra8 Rb1+ 31. Kh2 Rb2 32. Kg3 Nd2 33. f3 Nf1+ 34. Kf4 Re2 35. e4 dxe4 36. fxe4 Nd2 37.
Re8 a4 38. d5 Nb3 39. Bb4 Nc1 40. d6 Nd3+ 41. Kf3 Rf2+ 42. Ke3 Nxb4 43. Kxf2 a3 44.
d7 Nd3+ 45. Ke3 a2 46. Ra8 Ne5 47. d8=Q 1-0

[Event "*** Titled Tuesday Blitz"]
[Site "Chess.com"]
[Date "2020.05.19"]
[Round "6"]
[White "LiemLe"]
[Black "swayamsm"]
[Result "1-0"]
[WhiteElo "2955"]
[BlackElo "2649"]
[TimeControl "180+1"]
[EndTime "13:09:23 PDT"]
[Termination "LiemLe won by resignation"]

1. Nf3 Nf6 2. c4 e6 3. Nc3 d5 4. d4 Bb4 5. cxd5 exd5 6. Bf4 O-O 7. e3 Ne4 8. Qc2 c5 9. Bd3 Bf5 10. dxc5 Nd7 11. Nd4 Bg6 12. O-O Ndxc5 13. Bxe4 dxe4 14. Bg3 Rc8 15. a3 Bxc3 16. Qxc3 Nd3 17. Qb3 Qb6 18.
Qxb6 axb6 19. b3 Rc3 20. a4 Rfc8 21. h4 R8c5 22. b4 Nxb4 23. Bd6 R5c4 24. Nb5 Rd3 25. Na3 Rxa3 26. Rxa3 Nd3 27. Rb1 Rc6 28. Bg3 h6 29. Rab3 Rc2 30. Rxb6 Nc5 31. a5 Kh7 32. R6b5 f5 33.
Be5 Bh5 34. Bd4 Ne6 35. Be5 Nc5 36. R1b2 Rc1+ 37. Kh2 Nd3 38. Ra2 Nc5 39. Bd4 Ne6 40. Rxf5 Be2 41. Rxe2 Nxd4 42. exd4 1-0

[Event "*** Titled Tuesday Blitz"]
[Site "Chess.com"]
[Date "2020.05.19"]
[Round "6"]
[White "White_Ghost"]
[Black "Playgood28"]
[Result "1-0"]
[WhiteElo "2446"]
[BlackElo "2281"]
[TimeControl "180+1"]
[EndTime "13:09:23 PDT"]
[Termination "White_Ghost won by resignation"]

1. d4 f5 2. Nf3 g6 3. b3 Nf6 4. Bb2 Bg7 5. c4 d6 6. Nbd2 O-O 7. g3 c6 8. Bg2 Qc7 9. O-O Re8 10. Re1 e5 11.
dxe5 dxe5 12. e4 Nxe4 13. Nxe4 fxe4 14. Ng5 Na6 15. Nxe4 Bf5 16. Qe2 Bxe4 17. Bxe4 Nc5 18. Bg2 Rad8 19. Rad1 Rxd1 20. Rxd1 Ne6 21. h4 Qf7 22. h5 Nd4 23. Qd2 gxh5 24. Re1 h4 25. gxh4 Qh5 26. Re4 Nf3+ 27. Bxf3 Qxf3 28. Re3 Qf4 29.
Qe2 Qxh4 30. Rg3 Kh8 31. Qf3 Rg8 32. Kf1 Qe7 33. Qf5 a5 34. Rxg7 Rxg7 35. Bxe5 Kg8 36. Qc8+ Kf7 37. Qf5+ Kg8 38. Bd4 Rf7 39. Qg4+ Kf8 40.
Qc8+ Qe8 41. Qh3 Qd7 42. Qh6+ Ke8 43. Qh4 c5 44. Bc3 Qd1+ 45. Kg2 Rg7+ 46. Bxg7 1-0

[Event "*** Titled Tuesday Blitz"]
[Site "Chess.com"]
[Date "2020.05.19"]
[Round "6"]
[White "Pavel_Mir"]
[Black "szachuspl"]
[Result "0-1"]
[WhiteElo "2201"]
[BlackElo "2548"]
[TimeControl "180+1"]
[EndTime "13:09:24 PDT"]
[Termination "szachuspl won by resignation"]

1. e4 c5 2. Nf3 e6 3. d4 cxd4 4. Nxd4 Nc6 5. Nc3 a6 6. Be2 Nf6 7. Nxc6 bxc6 8. e5 Nd5 9. Ne4 f5 10. Nd6+ Bxd6 11. exd6 O-O 12. c4 Nf6 13. c5 Qa5+ 14.
Qd2 Qxc5 15. b4 Qd5 16. Qxd5 cxd5 17. f3 Bb7 18. Kf2 Rfc8 19. Be3 Rc2 20. Rhc1 Rac8 21. Rxc2 Rxc2 22. Ke1 e5 23. Kd1 Rc6 24. Bc5 Kf7 25.
a4 Ke6 26. Rc1 Rc8 27. b5 axb5 28. Bxb5 Ne8 29. a5 Nxd6 30. Be2 Nc4 31. Bf2 Ba6 32.
Rb1 f4 33. Bd3 g6 34. Be2 d4 35. Bd3 Ne3+ 36. Bxe3 Bxd3 37. Rb6+ d6 38. Bd2 Rc4 39. Bb4 Rc8 40. Bxd6 Kd5 41. Ba3 Rc2 42. a6 Ra2 43.
Rb3 Bc4 44. Rb6 Rxa3 45. Rb7 Rxa6 0-1

[Event "*** Titled Tuesday Blitz"]
[Site "Chess.com"]
[Date "2020.05.19"]
[Round "6"]
[White "Chichin_chao"]
[Black "hongnhung1234"]
[Result "1-0"]
[WhiteElo "2379"]
[BlackElo "2192"]
[TimeControl "180+1"]
[EndTime "13:09:24 PDT"]
[Termination "Chichin_chao won by checkmate"]

1. e4 c5 2. Nf3 e6 3. b3 Nc6 4. Bb2 d5 5. exd5 exd5 6. Bb5 Nf6 7. O-O Be7 8. Ne5 Bd7 9. Nxd7 Qxd7 10. Re1 O-O 11. Bxc6 bxc6 12. d3 Rfe8 13. Qf3 d4 14. Nd2 Nd5 15. Nc4 Bf6 16. a3 a5 17. a4 Qc7 18.
Ba3 Nb4 19. Bxb4 cxb4 20. Re4 c5 21. Rae1 Red8 22. h4 h6 23. g3 Rab8 24. Kg2 Qa7 25. Qf5 Qc7 26. Rg4 Qc6+ 27. Qf3 Qd7 28. Nxa5 Kh8 29.
Nc6 Rbc8 30. Nxd8 Bxd8 31. Rge4 Bf6 32. Qg4 Qc6 33. Qxc8+ Qxc8 34. Re8+ Qxe8 35. Rxe8+ Kh7 36. a5 c4 37. dxc4 d3 38. cxd3 Bd4 39. a6 Kg6 40. Rd8 Bb6 41. Rd6+ Kh5 42. Rxb6 f5 43. Rxb4 g5 44.
hxg5 Kg4 45. gxh6 f4 46. f3+ Kh5 47. gxf4 Kh4 48. h7 Kh5 49. h8=Q+ Kg6 50. Rb6+ Kf5 51. Qe5# 1-0

[Event "*** Titled Tuesday Blitz"]
[Site "Chess.com"]
[Date "2020.05.19"]
[Round "6"]
[White "Unknown_IM"]
[Black "hansen"]
[Result "0-1"]
[WhiteElo "2542"]
[BlackElo "2940"]
[TimeControl "180+1"]
[EndTime "13:09:25 PDT"]
[Termination "hansen won by resignation"]

1. e4 c5 2. Nf3 e6 3. c3 Nf6 4.
Bd3 Nc6 5. Bc2 d5 6. e5 Nd7 7.
d4 Be7 8. O-O g5 9. a3 h5 10. b4 g4 11. Ne1 cxd4 12. cxd4 Qb6 13. Be3 a5 14. bxa5 Nxa5 15. Nc3 Nc4 16. Bc1 Qa5 17. Qd3 b5 18. Rb1 Ba6 19. a4 b4 20.
Nb5 Bxb5 21. axb5 Qxb5 22. Bf4 Na3 23. Qxb5 Nxb5 24. Nd3 Nxd4 25. Bd1 Rb8 26. Re1 O-O 27. Be3 Nf5 28. Bd2 Rb7 29. h3 gxh3 30. gxh3 Rfb8 31. Bxh5 Nc5 32. Nxc5 Bxc5 33. Kg2 b3 34. Bd1 b2 35. Bc2 Nd4 36. Bd3 Rb3 37. Bf1 Nf3 38. Red1 Nh4+ 39. Kh2 Bxf2 40. Bh6 Rg3 41. Rd3 Nf3+ 42. Rxf3 Rxf3 43. Kg2 Rf5 44. Bd3 Rh5 45. Bd2 Bd4 46. Kf3 Kh8 47. Rg1 Bxg1 0-1

[Event "*** Titled Tuesday Blitz"]
[Site "Chess.com"]
[Date "2020.05.19"]
[Round "6"]
[White "aNaartjieZA"]
[Black "Aradej"]
[Result "1/2-1/2"]
[WhiteElo "2577"]
[BlackElo "2463"]
[TimeControl "180+1"]
[EndTime "13:09:26 PDT"]
[Termination "Game drawn by agreement"]

1. e4 d6 2. Nf3 Nf6 3. d3 e5 4. g3 Be7 5. Bg2 O-O 6. O-O Re8 7. Nc3 Bf8 8. Nd2 c6 9. f4 b5 10. a3 a5 11. Nf3 Nbd7 12. h3 Bb7 13. g4 h6 14. f5 d5 15. h4 Nxg4 16. exd5 cxd5 17. Bh3 Ndf6 18. d4 exd4 19. Qxd4 Qc7 20. Bf4 Qc5 21. Kh1 Qxd4 22. Nxd4 b4 23. axb4 axb4 24. Ncb5 Rxa1 25. Rxa1 Nf2+ 26. Kg2 Nxh3 27. Kxh3 Ne4 28. Ra7 Bc8 29.
Kg4 Bc5 30. Rc7 Bb6 31. Rc6 Bxd4 32. Nxd4 Nf6+ 33. Kf3 Bd7 34. Rc7 Re4 35. c3 bxc3 36. bxc3 Ba4 37. Bg3 Bd1+ 38. Kg2 Bg4 39. Rc8+ Kh7 40.
Rf8 Re3 41. Rxf7 Rxc3 42. Be5 Nh5 43. Ne6 Rc2+ 44. Kg1 Bh3 45. Nxg7 Rg2+ 46. Kh1 Nxg7 47. f6 Be6 48. Rxg7+ Rxg7 49. fxg7 Kg8 50. Kh2 h5 51. Kg3 Bg4 52. Kf4 d4 1/2-1/2

[Event "*** Titled Tuesday Blitz"]
[Site "Chess.com"]
[Date "2020.05.19"]
[Round "6"]
[White "JuliaEfremova"]
[Black "stasiek18"]
[Result "1-0"]
[WhiteElo "2117"]
[BlackElo "2353"]
[TimeControl "180+1"]
[EndTime "13:09:26 PDT"]
[Termination "JuliaEfremova won by resignation"]

1. d4 d6 2. Bf4 g6 3. Nc3 Bg7 4. Qd2 Nc6 5. Nf3 Bg4 6. e3 Bxf3 7. gxf3 e5 8. dxe5 dxe5 9. Bg3 Qxd2+ 10. Kxd2 O-O-O+ 11. Bd3 f5 12. Rad1 Nf6 13. Kc1 a6 14. Bh4 Rd6 15. Bxf6 Bxf6 16. h4 h5 17. Rdg1 Be7 18.
Bc4 Rf8 19. a3 Nd8 20. Nd5 Kd7 21. f4 e4 22. Nxe7 Kxe7 23. Rd1 b5 24. Bb3 Nb7 25. Rhg1 Kf6 26. Bd5 Nc5 27. b4 Na4 28. Bb3 Nc3 29.
Rxd6+ cxd6 30. Kb2 Rc8 31. Ra1 Ne2 32. Rd1 Ke7 33. a4 bxa4 34. Bxa4 Nc3 35. Ra1 Rc4 36. Kb3 Rc7 37. Rg1 Ne2 38. Rxg6 d5 39. Rh6 d4 40. Rxh5 d3 41. cxd3 exd3 42. Rh7+ Kd6 43. Rxc7 Kxc7 44. Kc4 d2 45. Kd3 Nc3 46. Kxc3 1-0

[Event "*** Titled Tuesday Blitz"]
[Site "Chess.com"]
[Date "2020.05.19"]
[Round "6"]
[White "gvanna"]
[Black "StegariuVlad"]
[Result "1-0"]
[WhiteElo "2470"]
[BlackElo "2568"]
[TimeControl "180+1"]
[EndTime "13:09:27 PDT"]
[Termination "gvanna won by resignation"]

1. e4 e5 2. Nf3 Nc6 3. Bb5 a6 4. Ba4 Nf6 5. O-O Be7 6. Re1 b5 7. Bb3 d6 8. c3 O-O 9. h3 Na5 10. Bc2 c5 11. d4 cxd4 12. cxd4 Qc7 13. Nc3 Bb7 14. Bg5 Nc4 15. Qc1 h6 16. Bh4 Rac8 17. Bb3 Nxb2 18. Qxb2 Qxc3 19. Qxc3 Rxc3 20. dxe5 dxe5 21.
Nxe5 g5 22. Bg3 Nxe4 23. Bh2 Bc5 24. Re2 Re8 25. Bxf7+ Kf8 26. Bxe8 Kxe8 27. Rd1 Ke7 28. Nd3 Bd4 29. Kf1 Kf6 30. f3 Nc5 31. Ne5 Ne6 32.
Ng4+ Kf5 33. Nxh6+ Kf6 34. Rxd4 Nxd4 35. Be5+ Kg6 36. Bxd4 Rc1+ 37. Kf2 Kxh6 38. Re6+ Kh7 39. Re7+ Kg6 40. Rxb7 Rc2+ 41. Ke3 Rxa2 42. g4 Ra4 43.
Rb6+ Kf7 44. Bf6 b4 45. Bxg5 Ra3+ 46. Ke4 b3 47. Bf6 a5 48. g5 a4 49. g6+ Ke8 50.
Rd6 1-0

[Event "*** Titled Tuesday Blitz"]
[Site "Chess.com"]
[Date "2020.05.19"]
[Round "6"]
[White "maciek_92"]
[Black "jonaszmb"]
[Result "1-0"]
[WhiteElo "2729"]
[BlackElo "2517"]
[TimeControl "180+1"]
[EndTime "13:09:28 PDT"]
[Termination "maciek_92 won on time"]

1. e4 c5 2. Nf3 Nc6 3. Bb5 a6 4. Bxc6 dxc6 5. h3 Qc7 6. a4 a5 7.
d3 e5 8. Nbd2 Ne7 9. Nc4 Ng6 10.
Bd2 Be7 11. O-O f6 12. Be3 O-O 13. Nfd2 Be6 14. Qe2 b6 15. c3 Rfd8 16. Rfd1 Rab8 17. Nf1 Qc8 18. Ng3 Nh4 19. Qh5 g5 20. Nxe5 fxe5 21. Bxg5 Bxg5 22. Qxg5+ Ng6 23. Nh5 Rf8 24. d4 cxd4 25.
cxd4 Qd8 26. Qh6 Rb7 27. dxe5 Qh4 28. Nf6+ Kh8 29. Qxh4 Nxh4 30. Rd6 Bc8 31. Rxc6 Re7 32. f4 Rg7 33. g4 Nf3+ 34. Kf2 Nd4 35. Rd6 Nb3 36.
Rad1 Nc5 37. Rd8 Rf7 38. Rxf8+ Rxf8 39. Ke3 Bb7 40. Rd6 b5 41. axb5 Rc8 42. g5 Na4 43. Rd7 1-0

[Event "*** Titled Tuesday Blitz"]
[Site "Chess.com"]
[Date "2020.05.19"]
[Round "6"]
[White "GM_LOADING"]
[Black "CalinGheorghiu"]
[Result "1-0"]
[WhiteElo "2441"]
[BlackElo "2278"]
[TimeControl "180+1"]
[EndTime "13:09:28 PDT"]
[Termination "GM_LOADING won by checkmate"]

1. e4 c5 2. Nf3 d6 3. d4 cxd4 4. Nxd4 Nf6 5. Nc3 a6 6. h3 g6 7. g4 Bg7 8. Bg2 O-O 9. O-O Qc7 10. Be3 Nc6 11. f4 Nxd4 12. Bxd4 e5 13. Be3 exf4 14. Rxf4 Be6 15. Rf2 Rac8 16. Qd2 Rfe8 17. Raf1 Nd7 18. Nd5 Bxd5 19. Qxd5 Ne5 20. Bd4 Re7 21. Kh1 Qc4 22.
Qxc4 Rxc4 23. Bc3 b5 24. a3 Rec7 25. Rd1 R7c6 26. Rfd2 Bf8 27. g5 Be7 28. h4 Rxc3 29.
bxc3 Rxc3 30. Ra1 Nc4 31. Re2 Bf8 32. a4 b4 33. Rd1 Bg7 34. Rd3 Be5 35. Rxc3 bxc3 36.
Bf1 Nb2 37. Kg2 Nxa4 38. Re3 Nc5 39. Rf3 a5 40. Bc4 a4 41. Rxf7 Kh8 42. Rf8+ Kg7 43.
Rg8# 1-0

[Event "*** Titled Tuesday Blitz"]
[Site "Chess.com"]
[Date "2020.05.19"]
[Round "6"]
[White "quesfr"]
[Black "aa175"]
[Result "1-0"]
[WhiteElo "2287"]
[BlackElo "2419"]
[TimeControl "180+1"]
[EndTime "13:09:29 PDT"]
[Termination "quesfr won on time"]

1. e4 c5 2. c3 Nf6 3. e5 Nd5 4. Nf3 Nc6 5. Bc4 Nb6 6. Bb3 d5 7.
exd6 Qxd6 8. Na3 a6 9. O-O Bf5 10. d4 cxd4 11. Nxd4 Nxd4 12. cxd4 e6 13. Qf3 Be7 14.
Qxb7 O-O 15. Be3 Nd5 16. Nc4 Qb8 17. Qxb8 Raxb8 18. Ne5 Nxe3 19. fxe3 Bg5 20. Kf2 Rfc8 21. Rac1 Rxc1 22. Rxc1 h5 23. Rc6 a5 24. Ra6 Rb5 25. Ra7 Bf6 26. Nxf7 a4 27. Nd6 Rb6 28. Nxf5 axb3 29.
Ng3 bxa2 30. Rxa2 g6 31. Ne4 Be7 32. Ke2 Rb3 33. Nd2 Rb8 34. b3 Bb4 35. Ne4 Be7 36. Rb2 Ba3 37. Rb1 Be7 38. Kd3 Kf7 39. h3 Ke8 40. Nc5 Rb6 41. b4 Kd8 42. Kc4 Kc7 43.
Ra1 Bxc5 44. dxc5 Rb8 45. b5 Rd8 46. Ra7+ Kb8 47. Re7 Rd2 48. g4 hxg4 49. hxg4 Rg2 50. Rxe6 Rxg4+ 51. e4 Kc7 52. b6+ Kb7 53. Kb5 Rg1 54.
Re7+ 1-0

[Event "*** Titled Tuesday Blitz"]
[Site "Chess.com"]
[Date "2020.05.19"]
[Round "6"]
[White "FedaMaster"]
[Black "MF1966Idrisov"]
[Result "1-0"]
[WhiteElo "2524"]
[BlackElo "2331"]
[TimeControl "180+1"]
[EndTime "13:09:31 PDT"]
[Termination "FedaMaster won on time"]

1. e4 c6 2. d4 d5 3. Nc3 dxe4 4. Nxe4 Bf5 5. Ng3 Bg6 6. h4 h6 7. Nh3 e6 8. Nf4 Bh7 9. Bc4 Bd6 10. Ngh5 Kf8 11.
Qg4 g6 12. Ng3 Nf6 13. Qf3 Kg7 14. Bd2 Nd5 15. Nfh5+ gxh5 16. Nxh5+ Kg8 17. O-O-O Bg6 18. g4 Nd7 19. Rhg1 Kh7 20. g5 Rg8 21. Ng3 f5 22. h5 Be8 23. Nxf5 exf5 24. Qxf5+ Kh8 25. gxh6 Rf8 26. Qg4 Qf6 27. Bd3 Bf7 28. Qe4 Bg6 29. Rxg6 Qf5 30. Qxf5 Rxf5 31. Bxf5 Nf8 32. c4 Bf4 33. cxd5 Nxg6 34. hxg6 Bxd2+ 35. Kxd2 Rf8 36. Be6 Rxf2+ 37. Ke3 Rh2 38. g7+ Kh7 39. g8=Q+ Kxh6 40. Qh8+ Kg5 41. Qxh2 1-0

[Event "*** Titled Tuesday Blitz"]
[Site "Chess.com"]
[Date "2020.05.19"]
[Round "6"]
[White "marszach123"]
[Black "PavelChernomordik"]
[Result "0-1"]
[WhiteElo "2195"]
[BlackElo "2390"]
[TimeControl "180+1"]
[EndTime "13:09:31 PDT"]
[Termination "PavelChernomordik won on time"]

1. e4 g6 2. d4 Bg7 3. Nc3 d6 4. f4 a6 5. Nf3 b5 6. Bd3 Nd7 7. a4 b4 8. Ne2 c5 9. c3 bxc3 10. bxc3 Qc7 11. O-O Bb7 12. e5 Nh6 13. Ng5 e6 14.
Ne4 dxe5 15. fxe5 Bxe4 16. Bxe4 Rd8 17. Bg5 Rc8 18. Rb1 Rb8 19. Qd2 Nf5 20. g4 Ne7 21. Qf4 Rf8 22. Bf6 Bxf6 23. exf6 Qxf4 24. Nxf4 Nc8 25.
Bc6 Kd8 26. g5 Kc7 27. Bxd7 Rxb1 28. Rxb1 Kxd7 29. Rb8 cxd4 30. cxd4 Rd8 31. Kf2 Kc7 32. Rb4 Nd6 33. Ke3 Nf5+ 34. Ke4 Nd6+ 35. Ke3 Nf5+ 36. Ke4 Kc6 37. Rc4+ Kb6 38. Rb4+ Ka5 39. Rb7 Kxa4 0-1

[Event "*** Titled Tuesday Blitz"]
[Site "Chess.com"]
[Date "2020.05.19"]
[Round "6"]
[White "Kildepiotr"]
[Black "26andrej26"]
[Result "1-0"]
[WhiteElo "2578"]
[BlackElo "2439"]
[TimeControl "180+1"]
[EndTime "13:09:32 PDT"]
[Termination "Kildepiotr won by resignation"]

1. Nf3 Nf6 2. g3 g6 3. Bg2 Bg7 4. O-O O-O 5. d4 d6 6. Nbd2 Nc6 7. e4 e5 8. dxe5 dxe5 9. c3 b6 10. Qe2 Bb7 11. Rd1 Qe8 12. b4 a6 13. a4 Nd8 14.
Ba3 Qe6 15. b5 Re8 16. Ng5 Qg4 17. Qxg4 Nxg4 18. Nc4 axb5 19. axb5 Nf6 20. f3 h6 21. Nh3 Ne6 22. Nf2 Red8 23. Nd3 Nd7 24. Be7 Re8 25. Bb4 Bf8 26. Ndxe5 Nxe5 27. Nxe5 Rxa1 28. Rxa1 Bxb4 29. cxb4 Nd4 30. Ng4 Kg7 31. Ra7 Rb8 32. Ne3 Nxb5 33. Ra1 Rd8 34. Bf1 Nd4 35. Kf2 Ne6 36. Ra7 Bc6 37. Bc4 Ra8 38. Rxa8 Bxa8 39. Bxe6 fxe6 40.
e5 Bd5 41. Nxd5 exd5 42. b5 Kf7 43. Ke3 g5 44. Kd4 Ke6 45. g4 1-0

[Event "*** Titled Tuesday Blitz"]
[Site "Chess.com"]
[Date "2020.05.19"]
[Round "6"]
[White "AnnaChessLook"]
[Black "SchmakAttack"]
[Result "0-1"]
[WhiteElo "2221"]
[BlackElo "2444"]
[TimeControl "180+1"]
[EndTime "13:09:32 PDT"]
[Termination "SchmakAttack won by resignation"]

1. d4 Nf6 2. c4 e6 3. Nf3 d5 4. Nc3 dxc4 5. e3 a6 6. Bxc4 b5 7. Bd3 Bb7 8. O-O Nbd7 9. Qe2 c5 10. Rd1 Qb6 11. dxc5 Nxc5 12. Bc2 Be7 13. e4 Rc8 14. e5 Nd5 15. Nxd5 Bxd5 16. Be3 Qb7 17. Rac1 O-O 18.
b3 Ne4 19. Bxe4 Bxe4 20. Ne1 h6 21. f3 Bf5 22. f4 Rfd8 23. Nf3 Bg4 24. Kf2 Qe4 25. h3 Bh5 26. Rxd8+ Rxd8 27. Qc2 Bxf3 28. gxf3 Qd5 29. Qe4 Bh4+ 30. Kf1 Qd3+ 31. Qxd3 Rxd3 32.
Ke2 Rd7 33. Rc6 a5 34. Bc5 Kh7 35. Bd6 Bd8 36. Ke3 Kg6 37. Ke4 Kh5 38. Rb6 Bxb6 39. a4 bxa4 40. bxa4 Kh4 41. Kd3 Kxh3 42. Kc4 Bc7 43. Kb5 Bxd6 44. Kxa5 Bxe5 45. fxe5 Rd5+ 46. Kb6 Rxe5 47. a5 Rxa5 48. Kxa5 Kg3 49. f4 Kxf4 0-1

[Event "*** Titled Tuesday Blitz"]
[Site "Chess.com"]
[Date "2020.05.19"]
[Round "6"]
[White "Corpescador"]
[Black "cukin84"]
[Result "1-0"]
[WhiteElo "2373"]
[BlackElo "2144"]
[TimeControl "180+1"]
[EndTime "13:09:32 PDT"]
[Termination "Corpescador won by resignation"]

1. e4 c6 2. Nc3 d5 3. Nf3 Bg4 4. h3 Bxf3 5. Qxf3 e6 6. d4 Nf6 7.
exd5 cxd5 8. Bd3 Nc6 9. Ne2 Be7 10. c3 O-O 11. O-O Rb8 12. Bf4 Bd6 13. Bg5 Be7 14. Rae1 b5 15. b4 a6 16. Nc1 a5 17. a3 axb4 18.
axb4 Nd7 19. Bf4 Ra8 20. Nb3 Ra3 21. Rb1 Qb6 22. Nc5 Rd8 23. Rfc1 g6 24. Qe2 e5 25. Nxd7 Rxd7 26. dxe5 Rda7 27. Bxb5 Ra2 28. Qf1 Nd8 29.
Be3 Qb7 30. Bxa7 Qxa7 31. Ra1 Ne6 32. Rxa2 Qxa2 33. Ra1 Qc2 34. Qd3 Qb2 35. Rb1 Qa2 36. g3 Kg7 37. Bd7 Nc7 38. b5 Bc5 39.
Rf1 Na8 40. Bc6 Nb6 41. Qf3 Nc4 42. Bxd5 Qb3 43. Qxf7+ Kh6 44. Bxc4 Qxc3 45. Qf4+ g5 46. Qg4 Kg6 47. Be2 Kf7 48. Qf3+ Kg6 49. Qxc3 1-0